 Dungeon Crawl Stone Soup version 0.20-a0-1124-g2e29d97 (webtiles) character file.

219014 Monsterracer the Earth Mage (level 19, -8/132 HPs)
             Began as a Gargoyle Earth Elementalist on May 15, 2017.
             Was the Champion of Vehumet.
             Hit by a large rock thrown by a cyclops (23 damage)
             ... on level 3 of the Shoals on May 16, 2017.
             The game lasted 03:25:37 (46781 turns).

Monsterracer the Earth Mage (GrEE)                 Turns: 46781, Time: 03:25:38

Health: -8/132     AC: 33    Str: 16    XL:     19   Next: 13%
Magic:  4/50       EV: 11    Int: 22    God:    Vehumet [******]
Gold:   3481       SH:  4    Dex:  6    Spells: 7/43 levels left

rFire    + . .     SeeInvis .   x - staff of power
rCold    . . .     Gourm    .   D - +0 buckler
rNeg     + . .     Faith    .   I - +5 ring mail of Noughts and Crosses {+Blink rF+ Dex-5 Slay+3}
rPois    ∞         Spirit   .   p - +2 hat
rElec    +         Reflect  .   o - +2 cloak
rCorr    .         Harm     .   w - +0 pair of gloves {Dex+3}
MR       ++...                  g - +2 pair of boots {Fly}
Stlth    +.........             v - amulet of regeneration
Regen    0.8/turn               c - ring of wizardry
MPRegen  0.4/turn               G - ring of protection from magic

@: flying
A: big wings, clumsy 1, deformed body, negative energy resistance 1, robust 1,
electricity resistance, strong 1, wild magic 1, unbreathing, petrification
resistance, rot immunity, AC +13
}: 1/15 runes: gossamer
a: Stop Flying, Renounce Religion, Evoke Blink


You were on level 3 of the Shoals.
You worshipped Vehumet.
Vehumet was exalted by your worship.
You were hungry.

You visited 6 branches of the dungeon, and saw 31 of its levels.
You also visited: Bailey.

You collected 3481 gold pieces.

Inventory:

Hand Weapons
 Q - the +10 morningstar "Eos" {elec, Halo rElec}
   (You found it in a bailey)

   Occasionally, upon striking a foe, it will discharge some electrical energy
   and cause terrible harm.
   It insulates you from electricity.
Missiles
 b - 420 stones (quivered)
Armour
 g - a +2 pair of boots of flying (worn)
 l - the +6 chain mail of the Skies Above {rElec Dex+4}
   (You found it on level 3 of the Spider Nest)

   It affects your dexterity (+4).
   It insulates you from electricity.
 o - a +2 cloak (worn)
 p - a +2 hat (worn)
 w - a +0 pair of gloves of dexterity (worn)
 D - a +0 buckler (worn)
 F - the +0 plate armour of the Crown {*Contam rElec MR+++ Dex-2}
   (You found it on level 2 of the Spider Nest)

   It affects your dexterity (-2).
   It insulates you from electricity.
   It affects your resistance to hostile enchantments.
   It causes magical contamination when unequipped.
 I - the +5 ring mail of Noughts and Crosses (worn) {+Blink rF+ Dex-5 Slay+3}
   (You found it on level 2 of the Lair of Beasts)

   It affects your dexterity (-5).
   It affects your accuracy and damage with ranged weapons and melee attacks
   (+3).
   It protects you from fire.
   It lets you blink.
Magical Staves
 q - an uncursed staff of earth
 x - an uncursed staff of power (weapon)
Jewellery
 c - a ring of wizardry (left hand)
 v - an amulet of regeneration (around neck)
 G - a ring of protection from magic (right hand)
 L - the ring "Kyuxzium" {rPois EV+3 Str+4}
   (You found it on level 6 of the Lair of Beasts)

   [ring of evasion]

   It affects your evasion (+3).
   It affects your strength (+4).
   It protects you from poison.
 P - an uncursed ring of protection from fire
Wands
 u - a wand of iceblast (9/15)
 y - a wand of lightning (9/15)
 B - a wand of lightning (15/15)
 J - a wand of iceblast (8/15)
Scrolls
 e - 3 scrolls of amnesia
 k - 3 scrolls of immolation
 m - 10 scrolls of teleportation
 n - 14 scrolls of identify
 s - 2 scrolls of magic mapping
 t - 5 scrolls of recharging
 E - a scroll of fear
 K - 6 scrolls of remove curse
 O - a scroll of blinking
 R - a scroll of fog
Potions
 a - a potion of haste
 f - 7 potions of agility
 h - 2 potions of cancellation
 i - 4 potions of might
 r - 2 potions of mutation
 z - 5 potions of heal wounds
 A - 3 potions of brilliance
 M - 8 potions of curing
 N - 2 potions of invisibility
 S - a potion of ambrosia
Comestibles
 d - 12 bread rations
 j - 15 meat rations
 C - 28 fruits
 H - 7 royal jellies


   Skills:
 + Level 13.5 Fighting
 + Level 7.9(8.7) Maces & Flails
 - Level 5.4(7.4) Staves
 + Level 10.4 Armour
 - Level 3.1 Dodging
 - Level 2.1 Stealth
 - Level 4.0 Shields
 + Level 12.6 Spellcasting
 * Level 15.9 Conjurations
 - Level 0.7 Transmutations
 + Level 11.3 Fire Magic
 + Level 19.3 Earth Magic


You had 7 spell levels left.
You knew the following spells:

 Your Spells              Type           Power        Failure   Level  Hunger
a - Sandblast             Erth           ######       1%          1    None
b - Lehudib's Crystal Sp  Conj/Erth      #######...   5%          8    #######
c - Stone Arrow           Conj/Erth      ######       1%          3    None
d - Lee's Rapid Deconstr  Erth           #######...   1%          5    ####...
e - Sticky Flame          Conj/Fire      #######.     1%          4    None
f - Bolt of Fire          Conj/Fire      #######...   1%          6    #####..
g - Bolt of Magma         Conj/Fire/Erth #######...   1%          5    ####...
h - Blink                 Tloc           N/A          7%          2    None
i - Passwall              Tmut/Erth      ######....   1%          2    None


Dungeon Overview and Level Annotations

Branches:
Dungeon (15/15)            Temple (1/1) D:4            Lair (6/6) D:11
 Shoals (3/4) Lair:4       Spider (4/4) Lair:4        Slime (0/5) Lair:6
    Orc (2/2) D:11            Elf (0/3) Orc:2        Vaults (0/5) D:13
 Depths (0/5) D:15

Altars:
Ashenzari
Cheibriados
Dithmenos
Elyvilon
Fedhas
Gozag
Hepliaklqana
Kikubaaqudgha
Makhleb
Nemelex Xobeh
Okawaru
Qazlal
Ru
Sif Muna
Trog
Uskayaw
Vehumet
Wu Jian
Xom
Yredelemnul
Zin
The Shining One
Beogh

Shops:
D:7 (   D:11 (   D:12 (   Orc:2 }?[:   Shoals:2 !

Annotations:
D:10 Erica
Lair:3 exclusion: 2 oklob plants


Innate Abilities, Weirdness & Mutations

You are resistant to torment.
Your stone body is resilient. (AC +13)
You are immune to poison.
Your large and strong wings let you fly indefinitely.
You resist negative energy. (rN+)
You are resistant to electric shocks. (rElec)
You can survive without breathing.
You are immune to petrification.
You are immune to rotting.
You are clumsy. (Dex -2)
Armour fits poorly on your strangely shaped body.
You are robust. (+10% HP)
Your muscles are strong. (Str +2)
Your spells are a little harder to cast, but a little more powerful.


Message History

Aim: a snapping turtle (almost dead)
The stone arrow hits the snapping turtle.
You kill the snapping turtle!
Vehumet accepts your kill.
You feel your power returning.
Okay, then.
The cyclops throws a large rock.
The large rock barely misses you.
A cyclops comes into view.
The cyclops shouts!
The cyclops throws a large rock.
The large rock hits you!!
* * * LOW HITPOINT WARNING * * *
You see here a large rock.
The cyclops throws a large rock.
You block the large rock.
You see here a large rock.
The cyclops throws a large rock.
The large rock hits you!
* * * LOW HITPOINT WARNING * * *
There is a stone staircase leading up here.
You see here a large rock.
The cyclops throws a large rock.
The large rock hits you!!
You die...

≈≈≈..PP###.#...≈
≈≈≈P....PP.#P#C.≈≈≈≈≈
≈P≈≈≈....PP......≈≈≈≈≈
≈P≈P≈.............≈≈≈≈≈
≈P≈≈≈≈............≈≈≈≈≈
≈≈≈≈≈P≈....>.......≈.≈≈≈
≈≈≈≈≈PPP....)..........≈≈
≈≈≈≈≈≈≈≈....(@.........≈≈
≈≈≈≈≈≈≈≈≈..(.......≈≈..≈≈
≈..≈..≈≈≈...≈...<..≈≈≈..#
≈..≈≈≈≈≈..≈≈≈.##.≈≈≈≈..#
##(.≈≈....≈≈≈##..≈≈≈..#
##..≈.C###.≈≈....≈≈≈...
≈.#..≈≈C####..≈≈≈≈≈.≈≈≈≈≈
≈())))≈≈)##...≈≈≈≈≈.≈≈≈≈≈
≈≈≈.≈≈≈≈((C..≈≈≈≈≈≈≈≈≈≈≈≈


You could see 3 cyclopes.

Vanquished Creatures
  Arachne (Spider:3)
  Rupert (D:12)
  Gastronok (Lair:1)
  Frances (D:13)
  Kirke (Spider:4)
  5 ghost moths
  2 orc warlords
  Aizul (Spider:1)
  8 emperor scorpions
  3 entropy weavers
  Nessos (D:12)
  3 spark wasps (Spider:4)
  A fire dragon (D:13)
  3 merfolk impalers (Shoals:2)
  Snorg (D:14)
  8 ogre magi
  Erolcha (D:12)
  12 hydras
  An ice dragon (D:15)
  A yaktaur captain (D:15)
  A rakshasa (D:15)
  A merfolk aquamancer (Shoals:1)
  5 centaur warriors
  2 merfolk avatars
  4 death yaks (Lair:5)
  15 two-headed ogres
  2 satyrs (Shoals:3)
  2 tengu warriors (D:15)
  2 orc high priests (Orc:1)
  Nergalle (Lair:1)
  Urug (D:13)
  The ghost of Monsterracer the Geomancer, a novice GrEE of Vehumet (D:9)
  Sonja (D:14)
  A shadow wraith (D:13)
  7 sea snakes
  2 unseen horrors
  5 orc knights
  A necromancer (D:15)
  18 orb spiders
  7 harpies
  The ghost of Agrougrou the Cleaver, a novice GrFi of Okawaru (D:7)
  3 deep elf magi
  26 wolf spiders
  2 wolf spider zombies
  10 manticores
  12 orc sorcerers
  12 fauns
  15 ugly things
  6 cyclopes
  An oklob plant (D:11)
  4 merfolk sirens
  Maurice (D:11)
  11 elephants
  3 black mambas (Lair:6)
  6 centaur zombies
  3 water nymphs
  13 spiny frogs
  A torpor snail (Spider:1)
  5 gargoyles
  A yaktaur (D:15)
  10 komodo dragons
  The ghost of Agrougrou the Shield-Bearer, a novice GrFi of Okawaru (D:4)
  4 rime drakes (Lair:6)
  15 demonic crawlers
  2 tengu conjurers (D:15)
  4 wind drakes
  7 polar bears
  6 hornets
  7 merfolk
  9 trolls
  35 jumping spiders
  13 blink frogs
  4 dream sheep (Shoals:1)
  10 hippogriffs
  5 slime creatures
  8 snapping turtles
  A hippogriff (shapeshifter) (D:14)
  A shadow (D:15)
  85 redbacks
  6 water elementals
  23 tarantellas
  4 wraiths
  2 wyverns
  2 hogs (Spider:4)
  4 basilisks
  52 yaks
  2 hungry ghosts
  A steam dragon (D:9)
  10 vampire mosquitoes
  3 wargs
  3 soldier ants
  14 water moccasins
  3 insubstantial wisps (Lair:5)
  An acid dragon (D:12)
  14 porcupines
  44 orc warriors
  A hornet zombie (D:15)
  6 ice beasts
  A black bear (D:9)
  An eye of draining (D:14)
  4 phantoms
  A necrophage (D:12)
  4 sky beasts
  24 ogres
  10 centaurs
  5 wolves (Lair:4)
  15 crocodiles
  4 big kobolds
  A gnoll sergeant (D:9)
  A wyvern zombie (D:14)
  23 bullfrogs
  24 killer bees
  2 scorpions
  4 wights (D:12)
  7 howler monkeys
  4 bullfrog zombies
  4 electric eels
  9 crimson imps
  6 jellies
  2 quasits
  8 hounds
  49 orc wizards
  A bullfrog skeleton (D:15)
  14 centaur skeletons
  21 orc priests
  3 iguanas
  Terence (D:3)
  4 hell rats (Lair:5)
  11 worker ants
  A killer bee zombie (D:6)
  2 hound zombies
  2 hound skeletons
  A worker ant zombie (D:7)
  11 gnolls
  13 adders
  2 howler monkey skeletons
  5 shadow imps
  An ooze (D:3)
  An adder skeleton (D:9)
  An adder zombie (D:7)
  A worm (D:4)
  4 dart slugs
  8 leopard geckos
  99 orcs
  8 bats
  4 giant cockroaches
  4 goblins
  4 hobgoblins
  3 jackals (D:9)
  23 kobolds
  6 quokkas
  A ball python (D:3)
  2 frilled lizards
  A leopard gecko skeleton (D:8)
  2 quokka skeletons (D:5)
  12 rats
  A fungus (Lair:2)
  3 plants
1187 creatures vanquished.

Vanquished Creatures (others)
  Nikola (Spider:1)
  A sea snake (Shoals:1)
  A merfolk siren (Shoals:1)
  A redback (Spider:4)
  A human (Spider:4)
  A ball python (D:5)
  10 fungi
  16 plants
32 creatures vanquished.

Grand Total: 1219 creatures vanquished

Notes
Turn   | Place    | Note
-------+----------+-------------------------------------------
     0 | D:1      | Monsterracer the Gargoyle Earth Elementalist began the quest for the Orb.
     0 | D:1      | Reached XP level 1. HP: 10/10 MP: 3/3
    87 | D:1      | Reached XP level 2. HP: 8/15 MP: 1/5
   134 | D:1      | Learned a level 2 spell: Passwall
   257 | D:1      | Reached skill level 4 in Earth Magic
   523 | D:1      | Reached XP level 3. HP: 16/19 MP: 6/6
   528 | D:1      | Learned a level 3 spell: Stone Arrow
  1505 | D:2      | Reached skill level 5 in Earth Magic
  1505 | D:2      | Reached XP level 4. HP: 23/24 MP: 5/8
  1620 | D:2      | Reached skill level 1 in Conjurations
  2024 | D:1      | Reached skill level 1 in Maces & Flails
  2122 | D:1      | Reached XP level 5. HP: 14/28 MP: 4/9
  3224 | D:3      | Found a white marble altar of Elyvilon.
  3452 | D:3      | Noticed Terence
  3478 | D:3      | Killed Terence
  3478 | D:3      | Reached XP level 6. HP: 25/32 MP: 0/11
  3485 | D:3      | Learned a level 5 spell: Lee's Rapid Deconstruction
  3711 | D:3      | Noticed a phantom
  3761 | D:3      | Killed a phantom
  3761 | D:3      | Reached skill level 6 in Earth Magic
  4388 | D:4      | Learned a level 1 spell: Sandblast
  4397 | D:4      | Found a staircase to the Ecumenical Temple.
  4405 | Temple   | Entered the Ecumenical Temple
  4568 | Temple   | Became a worshipper of Vehumet
  4641 | D:4      | Reached XP level 7. HP: 19/36 MP: 6/12
  5092 | D:4      | Reached skill level 7 in Earth Magic
  5296 | D:4      | Noticed Agrougrou's ghost (novice GrFi)
  5532 | D:5      | Entered Level 5 of the Dungeon
  5751 | D:5      | Reached XP level 8. HP: 41/41 MP: 5/14
  5955 | D:5      | Reached skill level 8 in Earth Magic
  6313 | D:5      | Reached * piety under Vehumet
  6313 | D:5      | Offered knowledge of Shock by Vehumet.
  6317 | D:5      | You fall through a shaft for 3 floors!
  6813 | D:7      | Reached skill level 9 in Earth Magic
  6923 | D:6      | Learned a level 2 spell: Blink
  7032 | D:6      | Reached skill level 5 in Spellcasting
  7032 | D:6      | Reached skill level 5 in Conjurations
  7314 | D:6      | Reached skill level 1 in Fighting
  7314 | D:6      | Reached XP level 9. HP: 47/47 MP: 9/16
  7548 | D:6      | Found a snail-covered altar of Cheibriados.
  7604 | D:6      | Learned a level 3 spell: Conjure Flame
  7945 | D:7      | Reached skill level 1 in Staves
  8111 | D:7      | Found an iron altar of Okawaru.
  8253 | D:7      | Offered knowledge of Sting by Vehumet.
  8279 | D:7      | Reached ** piety under Vehumet
  8379 | D:7      | Reached skill level 10 in Earth Magic
  8409 | D:7      | Noticed Agrougrou's ghost (novice GrFi)
  9030 | D:4      | Killed Agrougrou's ghost
  9215 | D:7      | Killed Agrougrou's ghost
  9215 | D:7      | Reached XP level 10. HP: 56/56 MP: 18/18
  9404 | D:7      | Found Vekk's Antique Weapon Boutique.
  9930 | D:8      | Reached skill level 11 in Earth Magic
 10173 | D:8      | Found a shattered altar of Ashenzari.
 10241 | D:8      | Noticed a two-headed ogre
 10245 | D:8      | Offered knowledge of Dazzling Spray by Vehumet.
 10266 | D:8      | Noticed a two-headed ogre
 10297 | D:8      | Killed a two-headed ogre
 10422 | D:8      | Found Zin's Purification Station.
 10423 | D:8      | Found a glowing silver altar of Zin.
 10589 | D:8      | Found a glowing golden altar of the Shining One.
 10801 | D:9      | Reached skill level 5 in Fighting
 11009 | D:9      | Reached *** piety under Vehumet
 11009 | D:9      | Reached skill level 12 in Earth Magic
 11136 | D:9      | Noticed Monsterracer's ghost (novice GrEE)
 11167 | D:9      | Reached XP level 11. HP: 32/64 MP: 19/20
 11523 | D:9      | Offered knowledge of Sticky Flame by Vehumet.
 11584 | D:9      | Learned a level 4 spell: Sticky Flame
 11784 | D:9      | Reached skill level 1 in Fire Magic
 12175 | D:9      | Reached skill level 5 in Staves
 12531 | D:9      | Reached **** piety under Vehumet
 12879 | D:9      | Killed Monsterracer's ghost
 12879 | D:9      | Offered knowledge of Airstrike by Vehumet.
 12879 | D:9      | Reached skill level 1 in Shields
 13040 | D:10     | Entered Level 10 of the Dungeon
 13201 | D:10     | Identified a scroll of acquirement
 13326 | D:10     | Killed a two-headed ogre
 13443 | D:10     | Reached skill level 13 in Earth Magic
 13657 | D:10     | Reached ***** piety under Vehumet
 13749 | D:10     | Noticed Erica
 13996 | D:10     | Offered knowledge of Bolt of Fire by Vehumet.
 14356 | D:11     | Found Leklogil's Antique Weapon Boutique.
 14535 | D:11     | Noticed Maurice
 14543 | D:11     | Killed Maurice
 14543 | D:11     | Reached XP level 12. HP: 67/71 MP: 15/23
 14693 | D:11     | Found a staircase to the Orcish Mines.
 14832 | D:11     | Noticed a two-headed ogre
 14843 | D:11     | Killed a two-headed ogre
 14928 | D:11     | Gained mutation: Your spells are a little harder to cast, but a little more powerful. [potion of mutation]
 14928 | D:11     | Gained mutation: You are clumsy. (Dex -2) [potion of mutation]
 14928 | D:11     | Gained mutation: You are robust. (+10% HP) [potion of mutation]
 14928 | D:11     | Gained mutation: Your muscles are strong. (Str +2) [potion of mutation]
 15151 | D:11     | Found a staircase to the Lair.
 15288 | D:11     | Learned a level 6 spell: Bolt of Fire
 15841 | Temple   | Learned a level 1 spell: Sandblast
 15960 | D:8      | Offered knowledge of Conjure Ball Lightning by Vehumet.
 16111 | Lair:1   | Entered Level 1 of the Lair of Beasts
 16204 | Lair:1   | Noticed Gastronok
 16228 | Lair:1   | Killed Gastronok
 16530 | Lair:1   | Noticed Nergalle
 16537 | Lair:1   | Killed Nergalle
 16829 | Lair:2   | Reached skill level 14 in Earth Magic
 17050 | Lair:2   | Got a dazzling ring mail
 17053 | Lair:2   | Identified the +5 ring mail of Noughts and Crosses {+Blink rF+ Dex-5 Slay+3} (You found it on level 2 of the Lair of Beasts)
 17409 | Lair:2   | Reached skill level 1 in Armour
 17848 | Lair:3   | Noticed an eight-headed hydra
 17861 | Lair:2   | Killed an eight-headed hydra
 18044 | Lair:3   | Reached XP level 13. HP: 80/85 MP: 25/25
 18200 | Lair:3   | Reached skill level 5 in Fire Magic
 19493 | Lair:4   | Reached skill level 10 in Conjurations
 19495 | Lair:4   | Reached skill level 15 in Earth Magic
 19724 | Lair:4   | Found a hole to the Spider Nest.
 19951 | Lair:4   | Found a staircase to the Shoals.
 20689 | Lair:5   | Offered knowledge of Iron Shot by Vehumet.
 20742 | Lair:5   | Learned a level 6 spell: Iron Shot
 21843 | Lair:6   | Entered Level 6 of the Lair of Beasts
 22017 | Lair:5   | Gained mutation: Your large and strong wings let you fly indefinitely. [Gargoyle growth]
 22017 | Lair:5   | Reached XP level 14. HP: 68/94 MP: 26/27
 22544 | Lair:6   | Reached skill level 16 in Earth Magic
 23136 | Lair:6   | Reached skill level 10 in Fighting
 23624 | Lair:6   | Offered knowledge of Bolt of Magma by Vehumet.
 23936 | Lair:6   | Found a staircase to the Slime Pits.
 23998 | Lair:6   | Got a glittering copper ring
 24092 | Lair:6   | Identified the ring "Kyuxzium" {rPois EV+3 Str+4} (You found it on level 6 of the Lair of Beasts)
 24322 | Lair:6   | Reached skill level 5 in Armour
 24634 | Orc:1    | Entered Level 1 of the Orcish Mines
 24748 | D:11     | Learned a level 5 spell: Bolt of Magma
 24762 | D:11     | Noticed an orc warlord
 24766 | D:11     | Killed an orc warlord
 25190 | Orc:2    | Entered Level 2 of the Orcish Mines
 25482 | Orc:2    | Found a staircase to the Elven Halls.
 25506 | Orc:2    | Paralysed by an orc sorcerer for 3 turns
 25542 | Orc:2    | Reached XP level 15. HP: 102/102 MP: 28/28
 25870 | Orc:2    | Found an ancient bone altar of Kikubaaqudgha.
 25877 | Orc:2    | Offered knowledge of Freezing Cloud by Vehumet.
 25877 | Orc:2    | Reached skill level 17 in Earth Magic
 25948 | Orc:2    | Found Ikhiluveu's Magic Scroll Emporium.
 26091 | Orc:2    | Reached skill level 10 in Spellcasting
 26178 | Orc:2    | Found a radiant altar of Vehumet.
 26227 | Orc:2    | Found Veasinomul's Antique Armour Emporium.
 26400 | Orc:2    | Found a roughly hewn altar of Beogh.
 26400 | Orc:2    | Found Lumper's Gadget Emporium.
 26402 | Orc:2    | Found Naytsek's Book Shoppe.
 27139 | Orc:1    | Noticed an orc warlord
 27260 | Orc:1    | Killed an orc warlord
 27540 | Orc:1    | Found a roughly hewn altar of Beogh.
 28127 | Temple   | Learned a level 2 spell: Passwall
 28329 | D:12     | Noticed Nessos
 28515 | D:12     | Killed Nessos
 28739 | D:12     | Found Zerux's Weapon Boutique.
 28787 | D:12     | Reached ****** piety under Vehumet
 28787 | D:12     | Offered knowledge of Spellforged Servitor by Vehumet.
 28791 | D:12     | Noticed Erolcha
 28797 | D:12     | Killed Erolcha
 28952 | D:12     | Noticed Rupert
 28983 | D:12     | Killed Rupert
 29284 | D:12     | Reached skill level 18 in Earth Magic
 29603 | D:13     | Found a gate to the Vaults.
 29729 | D:13     | Noticed Frances
 29737 | D:13     | Killed Frances
 30029 | D:13     | Noticed Urug
 30031 | D:13     | Killed Urug
 30031 | D:13     | Reached XP level 16. HP: 110/110 MP: 30/30
 30741 | D:14     | Noticed Snorg
 30762 | D:14     | Killed Snorg
 30855 | D:14     | Found a flagged portal.
 30864 | Bailey   | Entered a bailey
 31642 | D:14     | Noticed Sonja
 31649 | D:14     | Killed Sonja
 32597 | D:14     | Offered knowledge of Orb of Destruction by Vehumet.
 33486 | D:15     | Entered Level 15 of the Dungeon
 34728 | D:15     | Found a staircase to the Depths.
 34731 | D:15     | Reached skill level 5 in Maces & Flails
 34913 | D:15     | Found a glowing golden altar of the Shining One.
 34997 | D:15     | Reached XP level 17. HP: 109/116 MP: 32/32
 35722 | Spider:1 | Entered Level 1 of the Spider Nest
 36186 | Spider:1 | Reached skill level 10 in Fire Magic
 36372 | Spider:1 | Noticed Aizul
 36403 | Spider:1 | Killed Aizul
 36553 | Spider:1 | Offered knowledge of Lehudib's Crystal Spear by Vehumet.
 36553 | Spider:1 | Offered knowledge of Fire Storm by Vehumet.
 36553 | Spider:1 | Offered knowledge of Chain Lightning by Vehumet.
 36569 | Spider:1 | Noticed Nikola
 36585 | Spider:1 | Killed Nikola
 36971 | Spider:1 | Learned a level 8 spell: Lehudib's Crystal Spear
 37745 | Spider:2 | Got a fine plate armour
 37746 | Spider:2 | Identified the cursed +0 plate armour of the Crown {*Contam rElec MR+++ Dex-2} (You found it on level 2 of the Spider Nest)
 37917 | Spider:2 | Gained mutation: Armour fits poorly on your strangely shaped body. [mutagenic glow]
 38292 | Spider:2 | Reached skill level 19 in Earth Magic
 39365 | Spider:3 | Got an encrusted chain mail
 39366 | Spider:3 | Identified the +6 chain mail of the Skies Above {rElec Dex+4} (You found it on level 3 of the Spider Nest)
 40040 | Spider:4 | Entered Level 4 of the Spider Nest
 40040 | Spider:4 | Noticed Arachne
 40263 | Spider:3 | Killed Arachne
 40543 | Spider:3 | Reached XP level 18. HP: 88/124 MP: 10/33
 41146 | Spider:4 | Noticed Kirke
 41157 | Spider:4 | Killed Kirke
 41830 | Spider:4 | Reached skill level 15 in Conjurations
 42901 | Spider:4 | Reached skill level 10 in Armour
 43255 | Spider:4 | Got a gossamer rune of Zot
 43533 | Shoals:1 | Entered Level 1 of the Shoals
 45581 | Shoals:2 | Identified the Catalogue of Shifting Cold
 45712 | Shoals:2 | Reached XP level 19. HP: 122/132 MP: 35/35
 46390 | Shoals:2 | Found Nicsarru's Distillery.
 46781 | Shoals:3 | Hit by a large rock thrown by a cyclops

Vault maps used:
D:1:      tarquinn_simple_flora_water_f, st_stairs_2, minmay_misc_feat_room,
          minmay_tromino_i2
D:2:      first_bread
D:3:      elyvilon_altar_4, serial_co_window_serial, co_window_paths_b,
          co_window_of_opportunity_a, co_window_paths_a, co_window_paths_a,
          co_window_cross_1, co_window_of_opportunity_b, co_window_corner_ca,
          co_window_of_opportunity_b, co_window_4corner_b, glass_columns_a,
          glass_columns_a, uniq_terence
D:4:      temple_statues
D:5:      lemuel_ice_spiral_2
D:6:      old_standard_altar
D:7:      lemuel_round_altar, serial_shops, nicolae_shop_trees
D:8:      kennysheep_mini, zin_purify, cheibrodos_ashenzari_chains,
          blue_anna_alchemist, serial_park_tiny_pond, kennysheep_generic_room_5
D:9:      minmay_imperfect_grid
D:10:     uniq_erica
D:11:     dpeg_oklobed_lair, orc_0_dummy, serial_shops, shop, uniq_maurice
D:12:     serial_shops, shop_fountains, uniq_erolcha, uniq_rupert, uniq_nessos
D:13:     david_vaults_4, uniq_urug, uniq_frances
D:14:     enter_bailey_2, hangedman_decor_points, uniq_snorg, uniq_sonja
D:15:     grunt_enter_depths_snipers, nicolae_tso_carved_into_rock
Temple:   regret_index_temple_sphere_string
Lair:1:   uniq_nergalle, uniq_gastronok
Lair:2:   serial_bayou_ford_a, lemuel_fruit_tree, grunt_megastairs_1
Lair:3:   minmay_lair_oklob_tunnel, grunt_megastairs_2
Lair:4:   shoals_dummy_entry, dummy_spider_entry, grunt_megastairs_4
Lair:5:   pond, grunt_megastairs_3, lemuel_fruit_fields
Lair:6:   gammafunk_lair_ancient_temple, minmay_slime_entry_oklob_open
Shoals:2: serial_shops, shop
Shoals:3: st_cyclops, uniq_louise, uniq_roxanne, uniq_polyphemus
Spider:1: uniq_aizul, uniq_nikola
Spider:2: nicolae_spider_circle_web, nicolae_spider_webbed_stairs
Spider:4: spider_rune_water, guppyfry_spider_mini_2, uniq_kirke, uniq_arachne
Orc:1:    nicolae_orc_accident_2
Orc:2:    kennysheep_orc_mage_school
Bailey:   bailey_polearm_4, bailey

Skill      XL: |  1  2  3  4  5  6  7  8  9 10 11 12 13 14 15 16 17 18 |
---------------+-------------------------------------------------------+-----
Earth Magic    | 4 5 6 7 9 10 12 13 14 15 16 18 19 | 19.3
Conjurations   | 1 2 3 5 6 7 8 9 10 11 12 13 14 15 | 15.9
Maces & Flails | 1 2 3 4 5 6 7 |  7.9
Spellcasting   | 3 4 5 6 7 8 9 10 11 12 | 12.6
Fighting       | 1 3 5 6 8 9 10 11 12 13 | 13.5
Dodging        | 2 3 |  3.1
Staves         | 2 4 5 |  5.4
Fire Magic     | 2 4 6 7 8 9 10 11 | 11.3
Shields        | 2 4 |  4.0
Armour         | 2 4 5 7 8 9 10 | 10.4
Stealth        | |  2.1
Transmutations | |  0.7

Action                   |  1- 3 |  4- 6 |  7- 9 | 10-12 | 13-15 | 16-18 | 19-21 || total
-------------------------+-------+-------+-------+-------+-------+-------+-------++-------
Melee: Club              |    61 |    74 |       |       |       |       |       ||   135
       Unarmed           |     3 |       |       |       |       |       |       ||     3
       Mace              |       |     2 |       |       |       |       |       ||     2
       Flail             |       |       |    20 |       |       |       |       ||    20
       Staff             |       |       |    36 |   257 |   326 |   578 |     3 ||  1200
       Morningstar       |       |       |       |       |       |   138 |       ||   138
 Cast: Sandblast         |    27 |    49 |   108 |   162 |   134 |   108 |     1 ||   589
       Stone Arrow       |     1 |    17 |    58 |   212 |   384 |   770 |    61 ||  1503
       Lee's Rapid Decon |       |       |     2 |    25 |    30 |    37 |     4 ||    98
       Conjure Flame     |       |       |     5 |    17 |       |       |       ||    22
       Passwall          |       |       |     3 |     1 |       |       |       ||     4
       Sticky Flame      |       |       |       |    15 |    80 |    74 |     3 ||   172
       Blink             |       |       |       |     1 |     3 |     3 |       ||     7
       Iron Shot         |       |       |       |       |    31 |    18 |       ||    49
       Bolt of Fire      |       |       |       |       |    33 |    27 |     1 ||    61
       Bolt of Magma     |       |       |       |       |    19 |    27 |     3 ||    49
       Lehudib's Crystal |       |       |       |       |       |    11 |       ||    11
Evoke: Wand              |       |       |       |     4 |       |       |       ||     4
  Use: Potion            |     4 |     2 |     5 |     4 |     1 |     1 |       ||    17
       Scroll            |       |     4 |    11 |    13 |     4 |    11 |       ||    43
 Stab: Sleeping          |       |     1 |       |       |       |       |       ||     1
  Eat: Chunk             |     2 |    11 |    15 |    33 |    72 |    71 |     3 ||   207
       Royal jelly       |       |       |     2 |     1 |       |       |       ||     3
       Fruit             |       |       |     1 |     3 |     4 |    14 |       ||    22
Armor: Robe              |    35 |    37 |    71 |    43 |       |       |       ||   186
       Steam dragon scal |       |       |       |   116 |       |       |       ||   116
       Skin              |       |       |       |     7 |       |       |       ||     7
       Ring mail         |       |       |       |    44 |   410 |  1293 |    54 ||  1801
Dodge: Dodged            |    63 |    86 |    79 |   195 |   289 |   985 |    41 ||  1738
Block: Buckler           |       |       |       |    44 |    81 |   291 |    11 ||   427
